AoeStats
← Armenia

African Clearing

504972056Analyzed
4v4 RM · 26d ago on Sep 7, 2026· 60m 17s· 8 players
Game mode
Random Map
Map size
Large (8 player)
Population
200
Speed
Normal
Resources
Standard
Victory
Conquest
Starting age
Dark Age
Ending age
Imperial Age
RankedLock teamsTeams togetherTeam positionsShared explorationLock speedFull tech treeHidden civsTurbo modeCheats
Victory
Defeat
🇩🇪 Teutons · Germany
804
+14
🇪🇸 Khmer · Spain
790
+14
🇨🇿 Byzantines · Czechia
769
+15
🇹🇷 Tupi · Türkiye
768
+15
🇳🇴 Mongols · Norway
895
-19
🇨🇳 Japanese · China
807
-17
🇧🇪 Mongols · Belgium
714
-13
🇦🇲 Armenians · Armenia
607
-12
zivrisinek
5:47 Loom
24:18 Feudal Age
25:28 Champi Runner
26:47 Wheelbarrow
25:58 Town Watch
25:55 Horse Collar
26:05 Double-Bit Axe
26:13 Gold Mining
26:22 Stone Mining
26:23 Arson
31:20 Castle Age
30:38 Fletching
30:48 Padded Archer Armor
31:00 Forging
30:51 Scale Mail Armor
32:22 Hand Cart
33:05 Leather Archer Armor
33:13 Squires
33:42 Heavy Plow
33:57 Bow Saw
33:36 Champi Warrior
35:39 Gold Shaft Mining
35:27 Town Patrol
35:41 Crossbowman
36:40 Bodkin Arrow
38:04 Iron Casting
37:45 Chain Mail Armor
39:12 Elite Skirmisher
40:33 Caciques
42:31 Murder Holes
42:16 Treadmill Crane
42:57 Ballistics
48:07 Imperial Age
48:09 Capped Ram
48:55 Bracer
49:25 Ring Archer Armor
49:26 Plate Mail Armor
48:19 Elite Ibirapema Warrior
49:37 Conscription
49:38 Elite Champi Warrior
51:03 Pikeman
51:58 Halberdier
53:40 Curare
52:57 Elite Blackwood Archer
53:02 Arbalester
55:04 Two-Man Saw
56:38 Hoardings
59:45 Chemistry
Lex4hcf
8:50 Loom
12:55 Loom
15:32 Feudal Age
17:41 Bloodlines
19:03 Scale Barding Armor
19:15 Forging
25:04 Castle Age
24:55 Scale Barding Armor
24:46 Double-Bit Axe
25:33 Light Cavalry
26:32 Horse Collar
27:42 Husbandry
28:44 Gold Mining
28:44 Stone Mining
34:08 Gold Shaft Mining
34:08 Stone Shaft Mining
33:47 Bow Saw
39:09 Imperial Age
37:37 Heavy Plow
38:52 Wheelbarrow
42:41 Onager
42:44 Heavy Scorpion
43:30 Caravan
42:54 Hussar
53:56 Chemistry
53:17 Ballistics
Walls vs Zombies 2009
15:33 Feudal Age
16:36 Double-Bit Axe
17:27 Wheelbarrow
16:37 Loom
19:53 Castle Age
18:16 Stone Mining
21:26 Wheelbarrow
24:59 Hand Cart
24:31 Town Watch
25:21 Fletching
27:09 Squires
31:42 Bow Saw
31:12 Horse Collar
34:03 Ballistics
37:20 Imperial Age
35:00 Bodkin Arrow
35:19 Scale Mail Armor
35:53 Masonry
38:49 Chain Mail Armor
37:56 Elite Teutonic Knight
40:32 Plate Mail Armor
39:51 Arson
41:22 Chemistry
41:41 Crenellations
42:05 Forging
42:00 Siege Engineers
42:25 Onager
43:45 Fortified Wall
44:45 Guilds
43:58 Siege Onager
45:52 Conscription
45:54 Ironclad
46:10 Hoardings
47:27 Heavy Plow
48:30 Two-Man Saw
49:34 Iron Casting
51:16 Bombard Tower
50:42 Arrowslits
51:58 Crop Rotation
51:20 Gold Mining
52:03 Heavy Scorpion
54:55 Blast Furnace
54:34 Stone Shaft Mining
55:10 Town Patrol
Spouter
3:43 Loom
17:51 Feudal Age
23:07 Castle Age
21:56 Wheelbarrow
21:09 Double-Bit Axe
21:14 Horse Collar
23:12 Stone Mining
23:12 Gold Mining
23:35 Forging
23:30 Scale Barding Armor
23:45 Scale Barding Armor
25:27 Bow Saw
27:05 Hand Cart
32:32 Gold Shaft Mining
33:49 Heavy Plow
34:40 Stone Shaft Mining
37:05 Imperial Age
35:04 Fletching
36:14 Caravan
37:07 Iron Casting
36:52 Chain Barding Armor
39:40 Hoardings
39:26 Conscription
40:45 Chain Barding Armor
40:27 Elite Cataphract
41:21 Treadmill Crane
42:42 Chemistry
42:03 Ballistics
43:30 Logistica
45:40 Crop Rotation
46:14 Two-Man Saw
46:03 Plate Barding Armor
46:08 Fortified Wall
45:53 Murder Holes
46:18 Fervor
46:08 Devotion
49:58 Husbandry
49:19 Cavalier
49:20 Light Cavalry
49:21 Heavy Camel Rider
49:45 Pikeman
50:26 Squires
50:11 Gambesons
49:47 Man-at-Arms
50:14 Arson
51:13 Halberdier
51:14 Long Swordsman
51:18 Paladin
54:46 Hussar
59:04 Bombard Tower
58:29 Arrowslits
58:35 Guard Tower
58:50 Siphons
58:57 Careening
59:18 Illumination
59:14 Sanctity
59:15 Heresy
60:56 Coinage
Giibier
5:55 Loom
16:01 Feudal Age
18:13 Wheelbarrow
21:19 Castle Age
19:08 Double-Bit Axe
19:20 Horse Collar
20:01 Gold Mining
23:07 Scale Mail Armor
23:04 Pikeman
23:44 Squires
24:42 Stone Mining
27:20 Bow Saw
28:44 Fletching
31:05 Bodkin Arrow
31:11 Padded Archer Armor
36:54 Heavy Plow
37:13 Hand Cart
43:02 Imperial Age
42:09 Leather Archer Armor
45:37 Ballistics
46:05 Husbandry
46:18 Bloodlines
45:30 Light Cavalry
46:18 Bracer
46:24 Scale Barding Armor
47:33 Hussar
56:13 Stone Shaft Mining
no
13:07 Feudal Age
14:34 Double-Bit Axe
18:56 Castle Age
20:23 Horse Collar
23:31 Loom
24:21 Wheelbarrow
23:31 Town Watch
28:02 Gold Mining
29:31 Stone Mining
31:55 Heavy Plow
32:26 Hand Cart
34:28 Fervor
35:12 Stone Shaft Mining
35:12 Gold Shaft Mining
36:18 Town Patrol
38:10 Ballistics
38:04 Padded Archer Armor
37:55 Fletching
38:52 Fortified Wall
38:37 Murder Holes
38:53 Masonry
38:53 Thumb Ring
42:19 Imperial Age
40:02 Bodkin Arrow
40:24 Leather Archer Armor
40:34 Nomads
41:09 Scale Barding Armor
41:04 Scale Mail Armor
41:15 Forging
41:09 Squires
40:55 Arson
41:12 Husbandry
41:23 Bloodlines
44:02 Chemistry
43:09 Siege Engineers
43:29 Conscription
44:17 Bracer
44:53 Iron Casting
44:38 Chain Barding Armor
44:54 Drill
43:58 Capped Ram
45:10 Siege Ram
46:28 Hoardings
45:24 Sappers
46:24 Elite Mangudai
50:08 Chain Mail Armor
49:17 Light Cavalry
51:02 Blast Furnace
50:26 Hussar
53:27 Heavy Camel Rider
Armenia
19:31 Feudal Age
20:48 Wheelbarrow
19:57 Horse Collar
20:07 Double-Bit Axe
29:16 Castle Age
29:09 Gold Mining
29:10 Stone Mining
30:18 Town Watch
观月
5:38 Loom
17:58 Feudal Age
19:30 Wheelbarrow
18:44 Double-Bit Axe
21:25 Man-at-Arms
22:31 Forging
27:51 Castle Age
26:22 Scale Mail Armor
29:23 Hand Cart
29:51 Bow Saw
29:44 Squires
29:30 Arson
30:27 Iron Casting
30:20 Gold Mining
33:14 Chain Mail Armor
42:12 Imperial Age
42:21 Elite Samurai
44:26 Gold Shaft Mining
44:47 Conscription
47:45 Stone Mining
49:05 Blast Furnace
48:36 Plate Mail Armor
Connection lost

Rejoining the realm…

Still unreachable

The connection could not be restored.

Session expired

The server has moved on; the page needs a fresh start.